 Dungeon Crawl Stone Soup version 0.23.2-40-g277498a001 (webtiles) character file.

Game seed: 6233058265119519544

84 Martska the Ducker (level 4, -1/33 HPs)
             Began as a Merfolk Ice Elementalist on Oct 3, 2019.
             Was an Initiate of Yredelemnul.
             Hit by a stone thrown by an orc (4 damage)
             ... on level 3 of the Dungeon.
             The game lasted 00:14:51 (2652 turns).

Martska the Ducker (Merfolk Ice Elementalist)       Turns: 2652, Time: 00:14:51

Health: -1/33      AC:  3    Str:  8    XL:     4   Next: 46%
Magic:  1/7        EV: 14    Int: 14    God:    Yredelemnul [......]
Gold:   107        SH:  0    Dex: 15    Spells: 1/7 levels left

rFire    . . .     SeeInvis .   e - +1 spear (vamp)
rCold    . . .     Gourm    .   (no shield)
rNeg     . . .     Faith    .   a - +0 robe
rPois    .         Spirit   .   (no helmet)
rElec    .         Reflect  .   (no cloak)
rCorr    .         Harm     .   b - +0 pair of gloves
MR       .....                  (no boots)
Stlth    ++........             (no amulet)
HPRegen  0.11/turn              (no ring)
MPRegen  0.10/turn              (no ring)

@: no status effects
A: change form in water, swift swim, stealthy swim
a: Renounce Religion


You were on level 3 of the Dungeon.
You worshipped Yredelemnul.
Yredelemnul was noncommittal.
You were very hungry.

You visited 1 branch of the dungeon, and saw 3 of its levels.

You collected 107 gold pieces.

Inventory:

Hand Weapons
 e - a +1 vampiric spear (weapon)
Missiles
 d - 19 arrows
Armour
 a - a +0 robe (worn)
 b - a +0 pair of gloves (worn)
Jewellery
 j - a cursed -5 ring of protection {unknown}
Scrolls
 c - a scroll of noise {unknown}
 g - a scroll of immolation
 h - 4 scrolls of identify
Potions
 f - a potion of magic {unknown}
 i - a potion of might {unknown}
 k - a potion of cancellation {unknown}
 m - a potion of heal wounds {unknown}


   Skills:
 * Level 1.8 Fighting
 * Level 2.2 Polearms
 * Level 3.7 Dodging
 + Level 2.6 Stealth
 + Level 2.3 Spellcasting
 - Level 0.7 Conjurations
 + Level 0.1 Charms
 + Level 3.6 Ice Magic


You had one spell level left.
You knew the following spells:

 Your Spells              Type           Power        Failure   Level  Hunger
a - Freeze                Ice            ##..         5%          1    #......
b - Throw Frost           Conj/Ice       #.....       14%         2    ###....
c - Ozocubu's Armour      Chrm/Ice       #.......     32%         3    ###....

Your spell library contained the following spells:

 Spells                   Type           Power        Failure   Level  Hunger
 Throw Icicle             Conj/Ice       #.......     67%         4    #####..
 Summon Ice Beast         Ice/Summ       #.......     73%         4    #####..


Dungeon Overview and Level Annotations

Branches:
Dungeon (3/15)

Altars:
Cheibriados
Wu Jian
Yredelemnul

Annotations:
D:2 Grinder


Message History

You can't see any susceptible monsters within range! (Use Z to cast anyway.)
You hear some strange, mumbled words.
A puff of flame appears from out of thin air!
The puff of flame misses you.
You feel sick.
You are no longer poisoned.
The orc throws a stone.
The stone hits you but does no damage. Something hits you but does no damage.
You see here a stone.
You hear some strange, mumbled words.
A puff of flame appears from out of thin air!
The puff of flame hits you.
* * * LOW HITPOINT WARNING * * *
The orc throws a stone.
The stone closely misses you.
You see here a stone.
You miss something. Something hits you.
* * * LOW HITPOINT WARNING * * *
The orc throws a stone.
The stone hits you.
You die...
Your body rises from the dead as a mindless zombie.

#o# #o# #.#
#.# #.# #.#
#.# #.# #(#
#.# #(# #.#
#.# #.#
##@####.#####
#.......)(.(#
#.......###.#
#.####### #.#
#. #.# #. #.#
#. #.# #.
#.#######
#.......#


You could see an orc.

Vanquished Creatures
  3 adders
  An ooze (D:1)
  A worm (D:2)
  A leopard gecko (D:3)
  An orc (D:3)
  5 bats
  5 giant cockroaches
  5 goblins
  6 hobgoblins
  4 jackals
  A frilled lizard (D:1)
  8 kobolds
  5 rats
46 creatures vanquished.

Notes
Turn   | Place    | Note
-------+----------+-------------------------------------------
     0 | D:1      | Martska the Merfolk Ice Elementalist began the quest for
                  | the Orb.
     0 | D:1      | Reached XP level 1. HP: 13/13 MP: 3/3
   208 | D:1      | Reached XP level 2. HP: 17/20 MP: 0/5
   462 | D:1      | Reached skill level 1 in Polearms
   804 | D:1      | Reached skill level 1 in Fighting
   804 | D:1      | Reached XP level 3. HP: 26/26 MP: 6/6
  1023 | D:2      | Found an ornate altar of the Wu Jian Council.
  1285 | D:2      | Found a faded altar of an unknown god.
  1469 | D:2      | Reached XP level 4. HP: 25/32 MP: 4/7
  1592 | D:2      | Found a basalt altar of Yredelemnul.
  1592 | D:2      | Found a snail-covered altar of Cheibriados.
  1617 | D:2      | Became a worshipper of Yredelemnul the Dark
  1688 | D:2      | Learned a level 2 spell: Throw Frost
  1692 | D:2      | Learned a level 3 spell: Ozocubu's Armour
  1934 | D:3      | Noticed Grinder
  1934 | D:3      | Paralysed by Grinder for 7 turns
  2652 | D:3      | Hit by a stone thrown by an orc

Skill      XL: |  1  2  3  4 |
---------------+-------------+-----
Dodging        | 3 |  3.7
Polearms       | 1 2 |  2.2
Fighting       | 1 |  1.8
Stealth        | |  2.6
Spellcasting   | |  2.3
Conjurations   | |  0.7
Charms         | |  0.1
Ice Magic      | |  3.6

Action                   |  1- 3 |  4- 6 || total
-------------------------+-------+-------++-------
Melee: Unarmed           |    22 |       ||    22
       Spear             |    31 |    21 ||    52
 Cast: Freeze            |    42 |    27 ||    69
       Throw Frost       |       |     5 ||     5
  Use: Scroll            |       |     2 ||     2
 Stab: Sleeping          |     3 |     1 ||     4
  Eat: Ration            |     2 |     1 ||     3
Armor: Robe              |    18 |    10 ||    28
Dodge: Dodged            |    73 |    33 ||   106
